[Event "Team 45 45 League T37"]
[Site "Internet Chess Club"]
[Date "2008.05.24"]
[Round "5"]
[White "QueensCounselor"]
[Black "xakelari"]
[Result "1/2-1/2"]
[WhiteElo "1842"]
[BlackElo "2037"]
[Opening "QGD: Tartakower (Makagonov-Bondarevsky) system"]
[ECO "D58"]
[Time "12:01:04"]
[TimeControl "2700+45"]

1. d4 Nf6 2. c4 e6 3. Nc3 d5 4. Nf3 Be7 5. Bg5 O-O 6. e3 h6 7. Bh4 b6 8. Be2 Bb7
9. O-O Nbd7 10. Rc1 c5 11. Bg3 Ne4 12. cxd5 Nxc3 13. Rxc3 Bxd5 14. Qc2 Nf6 15.
Nd2 cxd4 16. exd4 Rc8 17. Bc7 Qd7 18. Ba6 Ra8 19. a3 Bd6 20. Rc1 Bxc7 21. Rxc7
Qd6 22. Qd3 Qf4 23. Qe3 Qg4 24. f3 Qh4 25. Bd3 Rfd8 26. Ne4 {Game drawn by
mutual agreement} 1/2-1/2

[Event "Team 45 45 League T37"]
[Site "Internet Chess Club"]
[Date "2008.05.25"]
[Round "5"]
[White "Stav"]
[Black "Steinwitz"]
[Result "1-0"]
[WhiteElo "1784"]
[BlackElo "1767"]
[Opening "Queen's pawn game"]
[ECO "D00"]
[Time "15:01:38"]
[TimeControl "2700+45"]

1. d4 d5 2. e3 c5 3. c3 e6 4. Bd3 Nf6 5. f4 Nc6 6. Nf3 Be7 7. O-O O-O 8. Bd2 b6
9. Be1 Bb7 10. Bh4 Rc8 11. Nbd2 Qd7 12. Ne5 Nxe5 13. fxe5 Ne8 14. Bxe7 Qxe7 15.
Qh5 f5 16. Rf3 g6 17. Rg3 Ng7 18. Qh6 Ne8 19. Rf1 Qg7 20. Qg5 Nc7 21. Rff3 Ba6
22. Bf1 Bxf1 23. Kxf1 Kf7 24. Rh3 Rh8 25. Rh6 cxd4 26. exd4 b5 27. Nb3 Na6 28.
a3 Qg8 29. Rfh3 Qg7 30. Nc1 Nc7 31. Nd3 a5 32. Qh4 Kg8 33. Qg5 Kf7 34. Nf4 Na6
35. Rg3 Rhg8 36. Nh5 gxh5 37. Rf6+ Ke7 38. Rg6+ Kd7 39. Rxg7+ Rxg7 40. Qxg7+ Kc6
41. Qe7 Nc7 42. Rg7 h6 43. Qd7+ Kb6 44. Qxc8 {Black resigns} 1-0

[Event "Team 45 45 League T37"]
[Site "Internet Chess Club"]
[Date "2008.05.24"]
[Round "5"]
[White "hansolo1000"]
[Black "IceBox"]
[Result "1-0"]
[WhiteElo "1791"]
[BlackElo "1703"]
[Opening "QGD: exchange variation"]
[ECO "D35"]
[Time "18:30:20"]
[TimeControl "2700+45"]

1. d4 d5 2. c4 e6 3. Nc3 Nf6 4. cxd5 exd5 5. Nf3 c6 6. Bg5 Be7 7. e3 Bf5 8. Ne5
O-O 9. g4 Bg6 10. h4 h6 11. Nxg6 fxg6 12. Bxf6 gxf6 13. Qc2 Kg7 14. Bd3 Qe8 15.
O-O-O Nd7 16. Rdg1 Rc8 17. Rh3 c5 18. h5 cxd4 19. exd4 g5 20. Re1 Qd8 21. Bh7 f5
22. Bxf5 Rf6 23. Rhe3 Bd6 24. Kb1 Qa5 25. Bxd7 {Black resigns} 1-0

[Event "Team 45 45 League T37"]
[Site "Internet Chess Club"]
[Date "2008.05.25"]
[Round "5"]
[White "Dbronstein06"]
[Black "Beancounter"]
[Result "1/2-1/2"]
[WhiteElo "1679"]
[BlackElo "1716"]
[Opening "Sicilian: Sozin with ...a6 and ...b5"]
[ECO "B87"]
[Time "14:26:49"]
[TimeControl "2700+45"]

1. e4 c5 2. Nf3 d6 3. d4 cxd4 4. Nxd4 Nf6 5. Nc3 a6 6. Bc4 e6 7. Bb3 b5 8. O-O
Be7 9. Qf3 Qc7 10. Qg3 O-O 11. Bh6 Ne8 12. Rad1 Nc6 13. Nxc6 Qxc6 14. a4 b4 15.
Nd5 Qb7 16. Nxe7+ Qxe7 17. Rd4 Qf6 18. Be3 a5 19. Rfd1 Qg6 20. Qxg6 hxg6 21. f4
Bb7 22. e5 d5 23. R4d3 f6 24. c4 bxc3 25. Rxc3 fxe5 26. fxe5 Rf5 27. Bd4 Rf7 28.
Bc2 g5 29. Bg6 Rc7 30. Rxc7 Nxc7 31. Be3 Na6 32. Rc1 Nb4 33. Rc7 Bc6 34. Bf7+
Kh8 35. Bxg5 Bxa4 36. Bxe6 Nd3 37. Bxd5 Rb8 38. b3 Bxb3 39. Bxb3 Rxb3 40. h3
Nxe5 41. Ra7 Nc4 42. Bd8 {Game drawn by mutual agreement} 1/2-1/2

[Event "Team 45 45 League T37"]
[Site "Internet Chess Club"]
[Date "2008.05.25"]
[Round "5"]
[White "jesterday"]
[Black "alastorx"]
[Result "1/2-1/2"]
[WhiteElo "1966"]
[BlackElo "1917"]
[Opening "Scandinavian (center counter) defense"]
[ECO "B01"]
[Time "10:00:41"]
[TimeControl "2700+45"]

1. e4 d5 2. exd5 Qxd5 3. Nc3 Qa5 4. d4 Nf6 5. Nf3 Nc6 6. Be3 Bg4 7. Be2 O-O-O 8.
O-O e5 9. Bd2 Bxf3 10. Bxf3 Nxd4 11. Bg4+ Nxg4 12. Qxg4+ f5 13. Qh3 Kb8 14. Bg5
Rd7 15. a3 Be7 16. b4 Qa6 17. Be3 g5 18. Bxd4 g4 19. Bxa7+ Qxa7 20. Qh5 Rd2 21.
Rad1 Rxd1 22. Nxd1 Qxa3 23. Qxf5 Qxb4 24. Qxe5 Rf8 25. Ne3 Bd6 26. Qh5 Bc5 27.
Nxg4 b6 28. Qd5 Qc3 29. Ne5 Bxf2+ 30. Kh1 Re8 31. Nc6+ Kc8 32. Na7+ Kb8 33. Nc6+
Kc8 34. Na7+ Kb8 35. Nc6+ {Game drawn by repetition} 1/2-1/2

[Event "Team 45 45 League T37"]
[Site "Internet Chess Club"]
[Date "2008.05.25"]
[Round "5"]
[White "Egmont"]
[Black "besonegro"]
[Result "0-1"]
[WhiteElo "1761"]
[BlackElo "1719"]
[Opening "Sicilian: Alapin's variation (2.c3)"]
[ECO "B22"]
[Time "04:00:07"]
[TimeControl "2700+45"]

1. e4 c5 2. c3 d5 3. exd5 Qxd5 4. d4 cxd4 5. cxd4 Nc6 6. Be3 Nf6 7. Nc3 Qa5 8.
Bd3 e6 9. a3 Nd5 10. Bd2 Nxd4 11. Nb5 Qb6 12. Be3 Nxe3 13. fxe3 Nxb5 14. Qe2 Bd7
15. Rc1 Bc5 16. Nf3 Bxe3 17. Rc4 Nd4 18. Qxe3 Nc2+ 19. Bxc2 Qxe3+ {White
resigns} 0-1

[Event "Team 45 45 League T37"]
[Site "Internet Chess Club"]
[Date "2008.05.23"]
[Round "5"]
[White "makito"]
[Black "kai"]
[Result "1-0"]
[WhiteElo "1761"]
[BlackElo "1713"]
[Opening "King's Indian: Four pawns attack, dynamic line"]
[ECO "E76"]
[Time "03:32:48"]
[TimeControl "2700+45"]

1. d4 Nf6 2. c4 g6 3. Nc3 Bg7 4. e4 d6 5. f4 O-O 6. Nf3 c5 7. d5 e6 8. Bd3 exd5
9. cxd5 Re8 10. O-O Bg4 11. h3 Bxf3 12. Qxf3 Nbd7 13. Be3 a6 14. Rae1 b5 15. a3
c4 16. Bc2 Qc7 17. Qf2 Rac8 18. Bd4 Nc5 19. g4 Qd7 20. Qh4 Qe7 21. f5 Nxg4 22.
f6 Nxf6 23. Bxf6 Bxf6 24. Qxf6 Qd7 25. Rf3 Re5 26. Ref1 Rf8 27. R1f2 a5 28. Ne2
Nxe4 29. Bxe4 Rxe4 30. Nd4 Ree8 31. Nf5 {Black resigns} 1-0

[Event "Team 45 45 League T37"]
[Site "Internet Chess Club"]
[Date "2008.05.24"]
[Round "5"]
[White "BrerRabbit"]
[Black "incachess"]
[Result "1-0"]
[WhiteElo "1628"]
[BlackElo "1641"]
[Opening "Queen's gambit declined"]
[ECO "D30"]
[Time "18:00:13"]
[TimeControl "2700+45"]

1. d4 d5 2. c4 e6 3. Nf3 g6 4. Bg5 Nf6 5. e3 Bg7 6. Nc3 b6 7. cxd5 exd5 8. Bb5+
c6 9. Be2 Bf5 10. O-O Nbd7 11. Rc1 Rc8 12. b4 O-O 13. Na4 Qe8 14. Bf4 Ne4 15.
Ba6 Rd8 16. Bc7 Nb8 17. Bxd8 Nxa6 18. Bh4 Nxb4 19. Qb3 Na6 20. Nc3 Qd7 21. Qa4
Qb7 22. Nxe4 Bxe4 23. Rxc6 b5 24. Qxa6 Qd7 25. Rfc1 Qg4 26. Bg3 Bxf3 27. gxf3
Qxf3 28. Rc8 Qg4 29. Rxf8+ Bxf8 30. Qc8 f5 31. Qe6+ Kg7 32. Qe5+ Kh6 33. Qf4+ g5
34. Qxg4 fxg4 35. Rc6+ Kg7 36. Bd6 {Black resigns} 1-0

[Event "Team 45 45 League T37"]
[Site "Internet Chess Club"]
[Date "2008.05.25"]
[Round "5"]
[White "fishhead"]
[Black "TheIdeal"]
[Result "0-1"]
[WhiteElo "1779"]
[BlackElo "1897"]
[Opening "Petrov: Cochrane gambit"]
[ECO "C42"]
[Time "15:00:23"]
[TimeControl "2700+45"]

1. e4 e5 2. Nf3 Nf6 3. Nxe5 d6 4. Nxf7 Kxf7 5. Bc4+ Be6 6. Bxe6+ Kxe6 7. O-O d5
8. e5 Kxe5 9. Re1+ Kf5 10. d4 Kg6 11. Qe2 Bb4 12. c3 Bd6 13. Nd2 Re8 14. Qd3+
Kf7 15. Rf1 Qe7 16. Nf3 Qe2 17. Ng5+ Kg8 18. Qh3 Nc6 19. b4 a5 20. bxa5 Rxa5 21.
Be3 h6 22. Nf3 Rxa2 23. Nh4 Rxa1 24. Rxa1 Ng4 25. Nf5 Rxe3 {White resigns} 0-1

[Event "Team 45 45 League T37"]
[Site "Internet Chess Club"]
[Date "2008.05.23"]
[Round "5"]
[White "ghostfire"]
[Black "CREDITorDEBIT"]
[Result "1-0"]
[WhiteElo "1798"]
[BlackElo "1705"]
[Opening "Sicilian: dragon, Yugoslav attack"]
[ECO "B75"]
[Time "10:02:29"]
[TimeControl "2700+45"]

1. e4 c5 2. Nf3 d6 3. d4 cxd4 4. Nxd4 Nf6 5. Nc3 g6 6. Be3 Bg7 7. f3 Nc6 8. Qd2
a6 9. O-O-O Bd7 10. h4 Rc8 11. Nxc6 Bxc6 12. Bh6 O-O 13. Bxg7 Kxg7 14. h5 Nxh5
15. g4 Nf6 16. Qh6+ Kg8 17. e5 Nh5 18. gxh5 g5 19. Bd3 f5 20. exf6 Rxf6 21.
Qxh7+ Kf8 22. Bg6 e5 23. Nd5 Bxd5 24. Rxd5 Rc7 25. Qh6+ Ke7 26. Qxg5 Ke6 27.
Rhd1 Rc6 28. Rxe5+ Kd7 29. Re8 Rxc2+ 30. Kxc2 Qc7+ 31. Kb1 {Black resigns} 1-0

[Event "Team 45 45 League T37"]
[Site "Internet Chess Club"]
[Date "2008.05.25"]
[Round "5"]
[White "Konstantinos"]
[Black "isolani"]
[Result "1/2-1/2"]
[WhiteElo "1638"]
[BlackElo "1586"]
[Opening "King's Indian defense, 3.Nc3"]
[ECO "E61"]
[Time "13:16:09"]
[TimeControl "2700+45"]

1. d4 Nf6 2. c4 g6 3. Nc3 Bg7 4. Nf3 O-O 5. e3 d6 6. Be2 c6 7. O-O Nbd7 8. b3 e5
9. Bb2 e4 10. Nd2 d5 11. cxd5 cxd5 12. Re1 Re8 13. Nf1 Nf8 14. Ng3 h5 15. Nxh5
gxh5 16. Bxh5 Nxh5 17. Qxh5 Be6 18. Ne2 Ng6 19. g3 Bf6 20. Nf4 Nxf4 21. gxf4 Kg7
22. f5 Bd7 23. Kh1 Bg5 24. Rg1 Bxf5 25. Rxg5+ Bg6 26. Rag1 Qf6 27. Rf5 Rh8 28.
Qg5 Rxh2+ 29. Kxh2 Rh8+ 30. Kg2 Qxf5 31. Qxf5 Bxf5 {Game drawn by mutual
agreement} 1/2-1/2

[Event "Team 45 45 League T37"]
[Site "Internet Chess Club"]
[Date "2008.05.24"]
[Round "5"]
[White "Gail"]
[Black "Intelectual"]
[Result "1-0"]
[WhiteElo "2447"]
[BlackElo "1869"]
[Opening "King's Indian: 6.Be2"]
[ECO "E91"]
[Time "19:57:37"]
[TimeControl "2700+45"]

1. Nf3 Nf6 2. c4 g6 3. Nc3 Bg7 4. d4 O-O 5. e4 d6 6. Be2 c6 7. O-O Nbd7 8. h3 e5
9. Be3 Re8 10. d5 c5 11. Ne1 a6 12. Qc2 Qc7 13. a3 Nb6 14. b4 cxb4 15. axb4 Nbd7
16. c5 dxc5 17. bxc5 Rb8 18. Nd3 Nf8 19. Rfb1 Bd7 20. Rb6 Kh8 21. Rab1 Ng8 22.
Qb3 f5 23. Rxb7 Rxb7 24. Qxb7 Qa5 25. Qb4 Qxb4 26. Nxb4 a5 27. Na6 fxe4 28. Nxe4
Bf5 29. f3 Rd8 30. g4 Bc8 31. Nd6 Bxa6 32. Nf7# {Black checkmated} 1-0

[Event "Team 45 45 League T37"]
[Site "Internet Chess Club"]
[Date "2008.05.25"]
[Round "5"]
[White "Nosferatu1"]
[Black "andrew28"]
[Result "1-0"]
[WhiteElo "1839"]
[BlackElo "1761"]
[Opening "QGD Slav defense: exchange variation"]
[ECO "D13"]
[Time "14:09:58"]
[TimeControl "2700+45"]

1. d4 d5 2. c4 c6 3. cxd5 cxd5 4. Nc3 Nf6 5. Nf3 Bf5 6. Qb3 Nc6 7. Qxb7 Na5 8.
Qb5+ Bd7 9. Qd3 e6 10. e3 Bb4 11. Bd2 Nc4 12. Qc2 Rc8 13. Bd3 O-O 14. a3 Nxd2
15. Nxd2 Bd6 16. O-O e5 17. dxe5 Bxe5 18. Nf3 Bb8 19. Nd4 Qc7 20. g3 Bh3 21.
Rfc1 Qe5 22. Bf1 Bd7 23. Qd2 Qh5 24. f3 Be5 25. Bg2 Bh3 26. Qf2 g5 27. Bxh3 Qxh3
28. Qg2 Qd7 29. Nce2 Qb7 30. b4 Qe7 31. Qf2 Rfe8 32. Rxc8 Rxc8 33. Rc1 Rc4 34.
Rxc4 dxc4 35. Nc3 Qd7 36. Kg2 g4 37. Qd2 Bxd4 38. Qxd4 gxf3+ 39. Kxf3 Qc6+ 40.
e4 Qe6 41. Kg2 Kg7 42. h3 h6 43. g4 Kg6 44. Kf3 Nd7 45. Kg3 Ne5 46. Nd5 Kh7 47.
Qxa7 Qd6 48. Kg2 Qg6 49. Qe3 h5 50. Qf4 Nd3 51. Qf5 Ne1+ 52. Kg3 h4+ 53. Kxh4
{Black resigns} 1-0

[Event "Team 45 45 League T37"]
[Site "Internet Chess Club"]
[Date "2008.05.22"]
[Round "5"]
[White "joshua9"]
[Black "pishd"]
[Result "0-1"]
[WhiteElo "1737"]
[BlackElo "1849"]
[Opening "Caro-Kann: classical, 6.h4"]
[ECO "B18"]
[Time "15:05:12"]
[TimeControl "2700+45"]

1. e4 c6 2. d4 d5 3. Nc3 dxe4 4. Nxe4 Bf5 5. Ng3 Bg6 6. h4 h6 7. f4 e6 8. Nf3
Nd7 9. h5 Bh7 10. Bd3 Bxd3 11. Qxd3 Bd6 12. Bd2 Qc7 13. Ne5 Rd8 14. O-O-O Nxe5
15. fxe5 Bxe5 16. Ne2 Nf6 17. c3 Bd6 18. Qf3 Qa5 19. Kb1 Qd5 20. Rdf1 Qxf3 21.
Rxf3 Kd7 22. Rhf1 Be7 23. Rh1 Kc8 24. Kc2 Rd7 25. Rg3 Rg8 26. Rf3 Ne4 27. Be3
Bg5 28. Bf4 Rgd8 29. Bxg5 Nxg5 30. Re3 Kc7 31. b4 b6 32. Nf4 c5 33. bxc5 bxc5
34. Rb1 cxd4 35. cxd4 Rxd4 36. Rc3+ Kd7 37. Rb7+ Ke8 38. g3 Rd2+ 39. Kb3 R8d7
40. Rb8+ Ke7 41. Re3 Kf6 42. Rb5 Rc7 43. Nd3 Rdc2 44. Ne5 Rc1 45. Kb2 R7c2+ 46.
Kb3 Rb1+ 47. Kxc2 Rxb5 48. Nd7+ Ke7 49. Ne5 Kd6 50. Nc4+ Kd5 51. Kc3 Kc6 52.
Ne5+ Kd6 53. Nc4+ Ke7 54. Ne5 Kf6 55. Ng4+ Kf5 56. Nf2 Ra5 57. Kb3 e5 58. a4 Ke6
59. Kb4 Rd5 60. Nd3 a5+ 61. Kc4 Kd6 62. g4 Nh7 63. Nf2 Rc5+ 64. Kd3 Nf6 65. Kd2
Rd5+ 66. Kc3 Rd4 67. Rg3 Nd5+ 68. Kb3 f6 69. Rg1 Rb4+ 70. Ka3 Rf4 71. Nd1 Rf3+
72. Kb2 e4 73. Re1 Ke5 74. Re2 e3 75. Kc2 Nb4+ 76. Kc3 Kf4 77. Kd4 Kxg4 78.
Nxe3+ Kxh5 79. Rh2+ Kg6 80. Ke4 Rg3 81. Nc4 Rg4+ {White resigns} 0-1

[Event "Team 45 45 League T37"]
[Site "Internet Chess Club"]
[Date "2008.05.24"]
[Round "5"]
[White "Fezzik"]
[Black "gametracker"]
[Result "1-0"]
[WhiteElo "2017"]
[BlackElo "2025"]
[Opening "English opening: Agincourt variation"]
[ECO "A13"]
[Time "17:51:56"]
[TimeControl "2700+45"]

1. Nf3 e6 2. c4 d5 3. cxd5 exd5 4. d4 Nf6 5. Nc3 Be7 6. Bf4 c6 7. h3 Bf5 8. e3
O-O 9. Bd3 Be6 10. O-O Re8 11. Qb3 Qb6 12. Qc2 Nbd7 13. Ne5 Nf8 14. a3 a5 15.
Na4 Qd8 16. Nc5 Bxc5 17. Qxc5 Qe7 18. Qxe7 Rxe7 19. b4 N8d7 20. Rfc1 Nxe5 21.
Bxe5 Nd7 22. Bd6 Ree8 23. b5 cxb5 24. Bxb5 Rec8 25. Kf1 Nb6 26. Rab1 Bf5 27. Ra1
Nc4 28. Bxc4 dxc4 29. Bc5 b5 30. Ke1 Bd3 31. Kd2 Rab8 32. Kc3 f6 33. Ra2 Kf7 34.
Rb2 Ke6 35. f3 f5 36. g4 g6 37. gxf5+ Kxf5 38. e4+ Kf6 39. Rg1 Rb7 40. h4 Rcb8
41. Rg5 h6 42. Rd5 g5 43. Rd6+ Kg7 44. hxg5 hxg5 45. d5 Kf7 46. Rh6 Kg7 47. Ra6
Rf7 48. Bd4+ Kf8 49. Rh2 b4+ 50. axb4 axb4+ 51. Kd2 Rbb7 52. Rh8+ Ke7 53. Bc5+
Kd7 54. e5 {Black resigns} 1-0

[Event "Team 45 45 League T37"]
[Site "Internet Chess Club"]
[Date "2008.05.23"]
[Round "5"]
[White "matein7"]
[Black "Knight77"]
[Result "0-1"]
[WhiteElo "1940"]
[BlackElo "1902"]
[Opening "QGD Slav/Grünfeld: Schlechter variation"]
[ECO "D15"]
[Time "17:36:50"]
[TimeControl "2700+45"]

1. d4 d5 2. c4 c6 3. Nc3 Nf6 4. Nf3 g6 5. Bg5 Bg7 6. e3 Bf5 7. Qb3 Nbd7 8. cxd5
cxd5 9. Nxd5 Qa5+ 10. Nc3 Rc8 11. Bc4 O-O 12. O-O Nb6 13. Be2 Be6 14. Qb5 Qxb5
15. Bxb5 a6 16. Bd3 Nc4 17. Bxc4 Rxc4 18. Ne5 Rc7 19. Na4 Rc2 20. Rfc1 Rfc8 21.
Nc5 Rxc1+ 22. Rxc1 Bxa2 23. Ned3 Bd5 24. Kf1 a5 25. b4 b6 26. Nb3 Rxc1+ 27.
Nbxc1 a4 28. Ne1 h6 29. Bxf6 Bxf6 30. Nc2 e5 31. Ne2 Bb3 32. Na1 Bc4 33. Nc2 Be7
34. dxe5 Bd3 35. Ne1 a3 36. Nxd3 a2 {White resigns} 0-1

[Event "Team 45 45 League T37"]
[Site "Internet Chess Club"]
[Date "2008.05.25"]
[Round "5"]
[White "FiendAngelical"]
[Black "PrincessChess"]
[Result "1-0"]
[WhiteElo "1988"]
[BlackElo "1811"]
[Opening "French: Winawer, advance, Bogolyubov variation"]
[ECO "C17"]
[Time "20:04:26"]
[TimeControl "2700+45"]

1. e4 e6 2. d4 d5 3. Nc3 Bb4 4. e5 c5 5. Bd2 cxd4 6. Nb5 Bxd2+ 7. Qxd2 Nc6 8. f4
Nge7 9. Nd6+ Kf8 10. Bd3 Bd7 11. Nf3 Nc8 12. Nb5 Qb6 13. a4 a6 14. a5 Qc5 15. b4
Qxb4 16. Qxb4+ Nxb4 17. Nbxd4 Nxd3+ 18. cxd3 Ne7 19. Rb1 Ra7 20. Kf2 Nc6 21.
Nxc6 Bxc6 22. Rhc1 Ke7 23. Nd4 Kd7 24. Rb6 Rc8 25. Nb3 Rc7 26. g4 g6 27. Nc5+
Kc8 28. d4 Kd8 29. Rc3 Re7 30. Rh3 Kc7 31. Rxh7 Ra8 32. f5 gxf5 33. gxf5 exf5
34. e6 Rf8 35. exf7 Rfxf7 36. Ne6+ Kd7 37. Nc5+ Ke8 38. Rh8+ Rf8 39. Rxf8+ Kxf8
40. Nxa6 Re4 41. Nc5 Rxd4 42. Ne6+ {Black resigns} 1-0

[Event "Team 45 45 League T37"]
[Site "Internet Chess Club"]
[Date "2008.05.26"]
[Round "5"]
[White "cocio"]
[Black "kolibandi"]
[Result "1-0"]
[WhiteElo "2177"]
[BlackElo "2043"]
[Opening "Sicilian: dragon, Yugoslav attack, Rauser variation"]
[ECO "B76"]
[Time "14:02:10"]
[TimeControl "2700+45"]

1. e4 c5 2. Nf3 d6 3. d4 cxd4 4. Nxd4 Nf6 5. Nc3 g6 6. Be3 Bg7 7. f3 O-O 8. Qd2
Nc6 9. O-O-O Nxd4 10. Bxd4 Be6 11. Kb1 Qc7 12. Nd5 Bxd5 13. exd5 Rac8 14. c3 a6
15. g4 Qa5 16. g5 Nh5 17. Bxg7 Nxg7 18. h4 e5 19. Bh3 Rc7 20. Bg4 f5 21. gxf6
Rxf6 22. h5 Nxh5 23. Bxh5 gxh5 24. Qg5+ Rg6 25. Qd8+ Kg7 26. Rxh5 Qc5 27. Rf5
Rf7 28. Rxf7+ Kxf7 29. Qd7+ Kg8 30. Qxb7 Rg1 31. Rxg1+ Qxg1+ 32. Kc2 Qf2+ 33.
Kb3 Qxf3 34. Qc8+ Qf8 35. Qe6+ Kg7 36. Qg4+ Kh8 37. c4 Qb8+ 38. Kc2 Qg8 39. Qf5
Qb8 40. b3 Kg7 41. Qd7+ Kg6 42. c5 dxc5 43. Qe6+ Kg7 44. Qe7+ Kg6 45. d6 Qa8 46.
Qe6+ Kg7 47. Qxe5+ Kf7 48. Qe7+ Kg6 49. d7 Qg2+ 50. Kc3 Qf3+ 51. Kb2 {Black
resigns} 1-0

[Event "Team 45 45 League T37"]
[Site "Internet Chess Club"]
[Date "2008.05.25"]
[Round "5"]
[White "Beetlejuice"]
[Black "syy89"]
[Result "0-1"]
[WhiteElo "2007"]
[BlackElo "2142"]
[Opening "King's Indian: 5.Nf3"]
[ECO "E90"]
[Time "13:59:03"]
[TimeControl "2700+45"]

1. d4 Nf6 2. c4 g6 3. Nc3 Bg7 4. e4 d6 5. Nf3 O-O 6. h3 e5 7. d5 Na6 8. Bg5 h6
9. Be3 Nc5 10. Nd2 a5 11. Be2 Bd7 12. g4 c6 13. h4 cxd5 14. cxd5 Qb6 15. Rb1 Nh7
16. h5 g5 17. Nf1 a4 18. Ng3 Qa5 19. O-O b5 20. Qd2 b4 21. Nd1 b3 22. a3 Nf6 23.
f3 Qxd2 24. Bxd2 Rfc8 25. Ne3 Ne8 26. Nc4 Rab8 27. Rbc1 Bf8 28. Rfd1 Nc7 29. Bb4
Nb5 30. Kf2 Nd4 31. Nf1 Bb5 32. Nfe3 f6 33. Bf1 Kf7 34. Bc3 Bxc4 35. Bxc4 Nb5
36. Bxb5 Rxb5 37. Bb4 Nd3+ 38. Rxd3 Rxc1 39. Bc3 Rc5 40. Ke2 R5xc3 {White
resigns} 0-1

[Event "Team 45 45 League T37"]
[Site "Internet Chess Club"]
[Date "2008.05.25"]
[Round "5"]
[White "elnik"]
[Black "A-Ru"]
[Result "1-0"]
[WhiteElo "1983"]
[BlackElo "1883"]
[Opening "QGD: semi-Slav"]
[ECO "D31"]
[Time "19:56:14"]
[TimeControl "2700+45"]

1. d4 e6 2. c4 d5 3. Nc3 c6 4. e3 Bd6 5. Bd3 f5 6. g4 Nf6 7. gxf5 exf5 8. Nf3
Ne4 9. Qb3 dxc4 10. Bxc4 Qb6 11. Nxe4 Qxb3 12. Nxd6+ {Black resigns} 1-0

[Event "Team 45 45 League T37"]
[Site "Internet Chess Club"]
[Date "2008.05.27"]
[Round "5"]
[White "room-matt"]
[Black "azbycx"]
[Result "1-0"]
[WhiteElo "1791"]
[BlackElo "1797"]
[Opening "Grünfeld: exchange variation"]
[ECO "D85"]
[Time "14:02:42"]
[TimeControl "2700+45"]

1. d4 Nf6 2. c4 g6 3. Nc3 d5 4. cxd5 Nxd5 5. Qb3 Nxc3 6. bxc3 Bg7 7. Nf3 O-O 8.
Ba3 Re8 9. e4 e6 10. Be2 b6 11. Rd1 Bb7 12. e5 Qc8 13. Rc1 Bh6 14. Rb1 Be4 15.
Rd1 Nc6 16. O-O Na5 17. Qa4 Qb7 18. c4 Rad8 19. Bc1 Bxc1 20. Rxc1 Nc6 21. Rfd1
Ne7 22. Qb3 Qa8 23. Nh4 c5 24. dxc5 bxc5 25. f3 Bc6 26. Qe3 Rc8 27. Bd3 Nf5 28.
Nxf5 exf5 29. Be2 Ba4 30. Rd2 f6 31. f4 fxe5 32. fxe5 Bc6 33. Bf3 Bxf3 34. gxf3
Qb8 35. f4 Re6 36. Rcd1 Kf7 37. Rd7+ Kg8 38. Qh3 h5 39. Qh4 Qb6 40. Qg5 Qc6 41.
Qh6 {Black resigns} 1-0

[Event "Team 45 45 League T37"]
[Site "Internet Chess Club"]
[Date "2008.05.23"]
[Round "5"]
[White "ranaamasonika"]
[Black "searchforbobby1"]
[Result "0-1"]
[WhiteElo "2180"]
[BlackElo "2136"]
[Opening "Sicilian: Pelikan, Chelyabinsk variation"]
[ECO "B33"]
[Time "22:04:11"]
[TimeControl "2700+45"]

1. e4 c5 2. Nf3 Nc6 3. d4 cxd4 4. Nxd4 Nf6 5. Nc3 e5 6. Ndb5 d6 7. Bg5 a6 8. Na3
b5 9. Bxf6 gxf6 10. Nd5 Bg7 11. c3 f5 12. Bd3 Be6 13. Qf3 Bxd5 14. exd5 e4 15.
Qxf5 exd3 16. dxc6 Qe7+ 17. Kf1 Qe2+ 18. Kg1 O-O 19. Rf1 Rae8 20. g3 Re5 21. Qd7
Re6 22. c7 d2 23. Kg2 Rf6 24. c8=Q Qf3+ 25. Kg1 d1=Q {White resigns} 0-1

[Event "Team 45 45 League T37"]
[Site "Internet Chess Club"]
[Date "2008.05.27"]
[Round "5"]
[White "Burning-Bush"]
[Black "alegro"]
[Result "0-1"]
[WhiteElo "2091"]
[BlackElo "1997"]
[Opening "QGD: Orthodox defense"]
[ECO "D63"]
[Time "23:02:40"]
[TimeControl "2700+45"]

1. d4 d5 2. c4 e6 3. Nc3 Nf6 4. Bg5 Be7 5. e3 Nbd7 6. Nf3 O-O 7. Rc1 c6 8. a3 h6
9. Bh4 Ne4 10. Bxe7 Qxe7 11. Bd3 Nxc3 12. Rxc3 dxc4 13. Bxc4 e5 14. O-O exd4 15.
Nxd4 Ne5 16. Be2 Rd8 17. Qc2 Be6 18. f4 Nd7 19. Bf3 Nf6 20. Nxe6 Qxe6 21. e4 Rd4
22. Rc5 Rad8 23. h3 Rd2 24. Qa4 Rxb2 25. Qxa7 Rdd2 26. Qb8+ Kh7 27. Rc3 Qa2 28.
f5 Rxg2+ 29. Bxg2 Rxg2+ 30. Kh1 Qe2 31. Rcc1 Nxe4 32. Rce1 Ng3+ 33. Qxg3 Qxf1+
34. Rxf1 Rxg3 35. Rb1 Rxh3+ 36. Kg2 Rxa3 37. Rxb7 f6 38. Rc7 Rc3 39. Kf2 h5 40.
Kg2 Kh6 41. Kf2 Rc5 42. Kg3 Rxf5 43. Rxc6 g5 44. Rc8 h4+ 45. Kg4 Rf4+ 46. Kh3 f5
47. Rh8+ Kg7 48. Rb8 Rf3+ 49. Kg2 g4 50. Rb7+ Kg6 51. Rb6+ Kg5 52. Rb5 h3+ 53.
Kh2 Rf2+ 54. Kg1 g3 55. Rb1 Kg4 56. Rb4+ f4 57. Rb1 h2+ 58. Kh1 Kh3 {White
resigns} 0-1

[Event "Team 45 45 League T37"]
[Site "Internet Chess Club"]
[Date "2008.05.24"]
[Round "5"]
[White "HuevosDeLeon"]
[Black "spacecadet"]
[Result "1/2-1/2"]
[WhiteElo "2088"]
[BlackElo "2221"]
[Opening "Budapest: Fajarowicz variation"]
[ECO "A51"]
[Time "20:00:43"]
[TimeControl "2700+45"]

1. d4 Nf6 2. c4 e5 3. dxe5 Ne4 4. Nf3 Nc6 5. Nbd2 Bb4 6. a3 Nxd2 7. Bxd2 Bxd2+
8. Qxd2 O-O 9. O-O-O Qe7 10. Qf4 Re8 11. Rd5 b6 12. g3 Bb7 13. Bh3 Rad8 14. Rhd1
Nb8 15. R5d3 a5 16. e3 Bc6 17. Nd4 Ba4 18. R1d2 Na6 19. Bg2 Nc5 20. Rc3 g6 21.
Kb1 d6 22. exd6 Rxd6 23. h4 Ne6 24. Qe5 f6 25. Qe4 c5 26. Qxe6+ Rxe6 27. Nxe6
Kh8 28. Nf4 Bd7 29. Nd5 Bf5+ 30. Ka1 Qd6 31. Rb3 Rb8 32. e4 Be6 33. Rbd3 Bxd5
34. Rxd5 Qe6 35. Kb1 b5 36. cxb5 Rxb5 37. Rd7 Qb3 38. h5 gxh5 39. e5 fxe5 40.
Be4 Rb8 41. Rxh7+ Kg8 42. Bd5+ Kxh7 43. Bxb3 Rxb3 44. Rd5 c4 45. Ka2 a4 46. Rxe5
c3 47. bxc3 Rxc3 48. Rxh5+ Kg6 49. Rh4 Rc2+ 50. Kb1 Rxf2 51. Rxa4 Rf3 52. g4 Rg3
53. Kb2 Rg2+ 54. Kc3 Rg3+ 55. Kd2 Kg5 56. Ke2 Rb3 57. Kd2 Rg3 58. Kc2 Rg2+ 59.
Kb3 Rg3+ 60. Kb4 Rxg4+ 61. Kb5 Rg3 62. Ra8 Kf6 63. a4 Ke6 64. Rd8 Rg1 65. a5
Rb1+ 66. Kc6 Rc1+ 67. Kb7 Rb1+ 68. Ka7 Ke7 69. Rd4 Rb2 70. Ka6 Rb1 71. Rd5 Rb2
72. Ka7 Rb1 73. a6 Rb2 74. Rh5 Kd7 75. Rh7+ Kc8 76. Rb7 Ra2 77. Rb1 Kc7 78. Rc1+
Kd7 79. Rh1 Rb2 80. Rh8 Kc7 81. Rh7+ Kc8 82. Rh6 Kc7 83. Ka8 Rb6 84. Rh7+ Kc8
85. Ka7 Rb2 {Game drawn by repetition} 1/2-1/2

[Event "Team 45 45 League T37"]
[Site "Internet Chess Club"]
[Date "2008.05.25"]
[Round "5"]
[White "keisher415"]
[Black "RedAttack"]
[Result "1-0"]
[WhiteElo "2083"]
[BlackElo "2032"]
[Opening "Sicilian: Labourdonnais-Löwenthal variation"]
[ECO "B32"]
[Time "09:58:07"]
[TimeControl "2700+45"]

1. e4 c5 2. Nf3 Nc6 3. d4 cxd4 4. Nxd4 e5 5. Nb5 h6 6. N1c3 a6 7. Nd6+ Bxd6 8.
Qxd6 Qe7 9. Qxe7+ Ngxe7 10. Be3 O-O 11. Bc5 Rd8 12. O-O-O b5 13. a4 b4 14. Nd5
Nxd5 15. exd5 Nd4 16. Bxd4 exd4 17. Rxd4 a5 18. c4 d6 19. b3 Bf5 20. Bd3 Bxd3
21. Rxd3 Re8 22. Kd2 Re5 23. Re3 Rae8 24. Rxe5 Rxe5 25. Re1 Rg5 26. Re8+ Kh7 27.
g3 Rf5 28. Ke2 Rh5 29. Rd8 Rxh2 30. Rxd6 Rh1 31. c5 Rb1 32. c6 Rxb3 33. c7 Rc3
34. Rc6 {Black resigns} 1-0